 Dungeon Crawl Stone Soup version 0.29.1-15-g9cfb28693d (webtiles) character file.

Game seed: 1675683781634456258

2 GimliDwarf the Conjurer (level 1, -1/10 HPs)
             Began as a Tengu Conjurer on Dec 14, 2023.
             Slain by a worm (11 damage)
             ... on level 2 of the Dungeon.
             The game lasted 00:01:17 (209 turns).

GimliDwarf the Conjurer (Tengu Conjurer)             Turns: 209, Time: 00:01:17

Health: -1/10      AC:  2    Str:  7    XL:     1   Next: 40%
Magic:  1/4        EV: 12    Int: 18    God:
Gold:   33         SH:  0    Dex: 12    Spells: 3/4 levels left

rFire   . . .      SeeInvis .   (no weapon)
rCold   . . .      Faith    .   (no shield)
rNeg    . . .      Spirit   .   a - +0 robe
rPois   .          Reflect  .   (helmet restricted)
rElec   .          Harm     .   (no cloak)
rCorr   .          Rampage  .   (no gloves)
Will    .....                   (boots unavailable)
Stlth   ++........              (no amulet)
HPRegen 0.03/turn               (no ring)
MPRegen 0.09/turn               (no ring)

@: no status effects
A: beak, talons 3
a: no special abilities


You were on level 2 of the Dungeon.
You visited 1 branch of the dungeon, and saw 2 of its levels.

You collected 33 gold pieces.

Inventory:

Armour
 a - a +0 robe (worn)
Potions
 b - a potion of magic


   Skills:
 + Level 2.1 Dodging
 - Level 2.0 Stealth
 * Level 2.0 Spellcasting
 * Level 5.3 Conjurations
 * Level 0.5 Summonings
 * Level 0.6 Air Magic


You had 3 spell levels left.
You knew the following spells:

 Your Spells              Type           Power      Damage    Failure   Level
a - Magic Dart            Conj           80%        1d7       1%          1

Your spell library contained the following spells:

 Spells                   Type           Power      Damage    Failure   Level
 Searing Ray              Conj           40%        2d5       3%          2
 Dazzling Flash           Conj/Hex       22%        N/A       19%         3
 Fulminant Prism          Conj/Hex       5%         3d7       52%         4
 Iskenderun's Mystic Bla  Conj/Tloc      11%        2d4       52%         4


Dungeon Overview and Level Annotations

Branches:
Dungeon (1/15)

Altars:

Annotations:
D:2 Jessica


Innate Abilities, Weirdness & Mutations

You have a beak for a mouth.
You have claws for feet.


Message History

The worm is moderately wounded.
Aiming: Magic Dart (safe; 1% risk of failure)
Press: ? - help, Q - select action Shift-Dir - straight line, f/p - worm
Aim: a worm (moderately wounded, 100% to hit)
The magic dart hits the worm.
The worm is heavily wounded.
Found a stone staircase leading down.
The endoplasm quivers.
Aiming: Magic Dart (safe; 1% risk of failure)
Press: ? - help, Q - select action Shift-Dir - straight line, f - endoplasm
Aim: an endoplasm (100% to hit)
The magic dart hits the endoplasm.
The endoplasm is heavily wounded.
You start resting.
An endoplasm is nearby!
Aiming: Magic Dart (safe; 1% risk of failure)
Press: ? - help, Q - select action Shift-Dir - straight line, f/p - endoplasm
Aim: an endoplasm (heavily wounded, 100% to hit)
The magic dart hits the endoplasm.
The endoplasm is severely wounded.
You don't have enough magic to cast this spell.
Unknown command.
A hobgoblin comes into view.
Found 5 javelins.
You don't have enough magic to cast this spell.
Unknown command.
You hit the endoplasm.
You kill the endoplasm!
You start resting.
A worm is nearby!
Aiming: Magic Dart (safe; 1% risk of failure)
Press: ? - help, Q - select action Shift-Dir - straight line, f - hobgoblin
Aim: a hobgoblin (asleep, 100% to hit)
The magic dart hits the hobgoblin.
You kill the hobgoblin!
A kobold comes into view. It is wielding a +0 short sword.
The worm closely misses you. The worm bites you!
Ouch! That really hurt!
You die...

@.. #.#.##w#
#......# ...
........###
###.#### ...
##.........#
#...# ..
.†....>..#.#
#.###
...(....#.##.#
#.#
.#.##.....#.#
#.# ..K...#..#.#
#.# #.#
#.#..#@###.#
#.###.....w....#
#.......########
#########


You could see a worm.

Vanquished Creatures
  An endoplasm (D:2)
  A hobgoblin (D:2)
2 creatures vanquished.

Notes
Turn   | Place    | Note
-------+----------+-------------------------------------------
     0 | D:1      | GimliDwarf the Tengu Conjurer began the quest for the Orb.
     0 | D:1      | Reached XP level 1. HP: 10/10 MP: 4/4
     9 | D:1      | You fall into a shaft and drop 1 floor!
    88 | D:2      | Noticed Jessica
   209 | D:2      | Slain by a worm

Illustrated notes

Levels and vault maps discovered:
D:1:      lemuel_arrival_broad_hall, layout_rooms,
          shapermc_ecumenical_altar_starsandcircs, grunt_decor_fettered,
          minmay_pentomino_w4
D:2:      layout_loops_cross, serial_shops, nicolae_shop_trees, basic_altar,
          uniq_jessica

Action                   || total
-------------------------++-------
Melee: Unarmed           ||     1
 Cast: Magic Dart        ||    10
Dodge: Dodged            ||     1
